 Dungeon Crawl Stone Soup version 0.28.0-62-gf88900778d (webtiles) character file.

Game seed: 12855039729666810911

4426 Coron the Protected (level 10, -11/79 (96) HPs)
             Began as a Deep Dwarf Fighter on Mar 13, 2023.
             Was a Priest of Ru.
             Mangled by Gastronok (19 damage)
             ... on level 9 of the Dungeon.
             The game lasted 00:29:06 (6969 turns).

Coron the Protected (Deep Dwarf Fighter)            Turns: 6969, Time: 00:29:07

HP:   -11/79 (96)   AC: 17    Str: 23    XL:     10   Next: 14%
MP:   8/8           EV:  8    Int: 13    God:    Ru [***...]
Gold: 341           SH:  5    Dex: 12    Spells: 9/9 levels left

rFire   . . .      SeeInvis .   a - +0 war axe
rCold   . . .      Faith    .   c - +0 buckler
rNeg    + . .      Spirit   .   g - +2 chain mail {rN+}
rPois   .          Reflect  .   w - +0 helmet {Int+3}
rElec   .          Harm     .   x - +1 cloak
rCorr   .          Rampage  .   (no gloves)
Will    +....                   (no boots)
Stlth   ..........              (no amulet)
HPRegen 0.00/turn               (no ring)
MPRegen 0.11/turn               (no ring)

@: mighty, slowed, studying Crossbows, heavily drained, very slow
A: damage resistance, heal wounds, sense surroundings 2, hated by all, no hexes
magic, no necromancy magic, no poison magic, no regeneration
a: Heal Wounds, Renounce Religion, Draw Out Power


You were on level 9 of the Dungeon.
You worshipped Ru.
Ru was most pleased with you.
You visited 2 branches of the dungeon, and saw 10 of its levels.

You collected 528 gold pieces.
You spent 187 gold pieces at shops.

Inventory:

Hand Weapons
 a - a +0 war axe (weapon)
 p - a +0 arbalest
 B - a +1 long sword of flaming
Missiles
 d - 5 boomerangs (quivered)
 C - a throwing net
Armour
 c - a +0 buckler (worn)
 g - a +2 chain mail of positive energy (worn)
 w - a +0 helmet of intelligence (worn)
 x - a +1 cloak (worn)
 z - a +0 plate armour
Wands
 e - a wand of iceblast (9)
 t - a wand of mindburst (2)
 y - a wand of flame (14)
 A - a wand of polymorph (8)
Scrolls
 h - a scroll of blinking
 j - 2 scrolls of teleportation
 m - 2 scrolls of enchant weapon
 n - a scroll of fog {unknown}
 o - a scroll of vulnerability {unknown}
 q - a scroll of amnesia {unknown}
 s - a scroll of fear {unknown}
 u - 2 scrolls of immolation
Potions
 b - 3 potions of resistance
 f - 3 potions of mutation
 i - a potion of degeneration {unknown}
 k - a potion of flight
 l - 4 potions of curing
 r - 2 potions of heal wounds
 v - a potion of might


   Skills:
 - Level 8.0 Fighting
 + Level 7.9 Axes
 - Level 2.0 Crossbows
 - Level 10.0 Armour
 - Level 7.0 Shields


You had 9 spell levels left.
You didn't know any spells.
Your spell library contained the following spells:

 Spells                   Type           Power      Damage    Failure   Level
 Conjure Flame            Conj/Fire      0%         6-21      100%        3
 Sticky Flame             Conj/Fire      0%         2d3       100%        4
 Ignite Poison            Fire/Tmut/Pois Unusable   N/A       N/A         3

Dungeon Overview and Level Annotations

Branches:
Dungeon (9/15)             Temple (1/1) D:6             Orc (0/2) D:9
   Lair: D:8-11

Altars:
Ashenzari
Cheibriados
Dithmenos
Elyvilon
Fedhas
Gozag
Hepliaklqana
Kikubaaqudgha
Makhleb
Nemelex Xobeh
Okawaru
Qazlal
Ru
Sif Muna
Trog
Uskayaw
Vehumet
Wu Jian
Xom
Yredelemnul
Zin
The Shining One

Shops:
D:9 [(

Annotations:
D:6 1 transporter, Flarelocke's ghost, novice MiFi
D:9 Gastronok


Innate Abilities, Weirdness & Mutations

You are resistant to damage.
You can heal yourself by infusing magical energy.
You passively map the area around you.
You are hated by all.
You cannot study or cast Hexes magic.
You cannot study or cast Necromancy magic.
You cannot study or cast Poison magic.
You do not regenerate.


Message History

Gastronok is lightly wounded.
You feel very mighty all of a sudden.
Gastronok looks at you and mumbles some strange words.
You feel yourself slow down.
You hit Gastronok.
Gastronok is lightly wounded.
Gastronok mumbles some strange words.
Gastronok puts on a burst of speed!
You slash Gastronok!
Gastronok is lightly wounded.
You slash Gastronok!
Gastronok is moderately wounded.
You redirect Gastronok's attack!
Gastronok bites you!!
You slice Gastronok!!
Gastronok is moderately wounded.
Gastronok chants a spell, wobbling all the while.
You slash Gastronok!
Gastronok is heavily wounded.
You feel a sudden, passing aversion to salt.
You hit Gastronok.
Gastronok is heavily wounded.
Gastronok looks at you while chanting.
You struggle to resist.
You slice Gastronok!!
Gastronok is severely wounded.
Gastronok is stunned by your conviction and fails to attack.
You slash Gastronok!
Gastronok is severely wounded.
You slice Gastronok!!
Gastronok is almost dead.
Gastronok bites you but does no damage.
You slash Gastronok!
Gastronok is almost dead.
Gastronok bites you!!
* * * LOW HITPOINT WARNING * * *
You slash Gastronok!
Gastronok is almost dead.
Gastronok bites you!!
You die...

#.######......##.##......#
#.##..........##.##......#
##.##.#........##.##....... **
###.....#.###........#..≈...#
#............###.....####.≈≈≈.).
#.####.....#...................#
*,*....>........................
......##.#.......#...........#
.....#.##.#...@...#.#####......
*.#####.##.#####w#...# ##......
#.##..........## #....... ,
.w..........# ##.####. *,* ,
............# #.# #. * *
,............# #.# #. * *
............# #.# #. , ,
........##.######.# #.
###.##..##..{.....# ##


You could see Gastronok (swift).

Vanquished Creatures
  Pikel (D:9)
  A manticore (D:8)
  Maurice (D:9)
  Maggie (D:8)
  Prince Ribbit (D:7)
  Eustachio (D:6)
  2 steam dragons
  3 water moccasins
  3 ogres
  An ice beast (D:7)
  2 phantoms
  A kobold brigand (D:8)
  A bullfrog (D:7)
  4 scorpions
  A gnoll sergeant (D:8)
  A wyvern skeleton (D:6)
  A water moccasin skeleton (D:4)
  10 killer bees (D:9)
  3 howler monkeys
  A centaur zombie (D:7)
  2 bullfrog zombies
  An orc priest (D:3)
  A centaur skeleton (D:7)
  A jelly (D:7)
  A bullfrog skeleton (D:7)
  A hound (D:4)
  Ijyb (D:2)
  Terence (D:2)
  An iguana (D:5)
  5 orc wizards
  A hound skeleton (D:4)
  A howler monkey zombie (D:5)
  3 gnolls
  6 adders
  A white imp (D:6)
  5 dart slugs
  21 orcs
  5 endoplasms
  3 giant cockroaches
  6 goblins
  6 hobgoblins
  8 quokkas
  5 ball pythons
  3 bats
  15 frilled lizards
  13 kobolds
  2 rats
159 creatures vanquished.

Vanquished Creatures (others)
  An orc warrior (D:8)
  An orc wizard (D:4)
  A kobold (D:4)
  20 plants
23 creatures vanquished.

Grand Total: 182 creatures vanquished

Notes
Turn   | Place    | Note
-------+----------+-------------------------------------------
     0 | D:1      | Coron the Deep Dwarf Fighter began the quest for the Orb.
     0 | D:1      | Reached XP level 1. HP: 20/20 MP: 1/1
    53 | D:1      | Found a faded altar of an unknown god.
    60 | D:1      | Prayed at the altar of an unknown god.
    60 | D:1      | Became a worshipper of Ru the Awakened
    75 | D:1      | Gained mutation: You are hated by all. [Ru sacrifice]
    75 | D:1      | Reached * piety under Ru
    75 | D:1      | Reached ** piety under Ru
   442 | D:1      | Reached XP level 2. HP: 25/27 MP: 2/2
   719 | D:2      | Noticed Terence
   729 | D:2      | Killed Terence
   730 | D:2      | Reached XP level 3. HP: 26/34 MP: 3/3
   889 | D:2      | Reached XP level 4. HP: 32/42 MP: 4/4
  1211 | D:2      | Reached skill level 4 in Armour
  1423 | D:3      | Noticed Ijyb
  1457 | D:2      | Killed Ijyb
  1562 | D:3      | Reached XP level 5. HP: 48/49 MP: 5/5
  1994 | D:4      | Gained mutation: You cannot study or cast Poison magic. [Ru
                  | sacrifice]
  1994 | D:4      | Gained mutation: You cannot study or cast Hexes magic. [Ru
                  | sacrifice]
  1994 | D:4      | Gained mutation: You cannot study or cast Necromancy magic.
                  | [Ru sacrifice]
  1994 | D:4      | Reached *** piety under Ru
  2108 | D:4      | Reached skill level 5 in Armour
  2112 | D:4      | Reached XP level 6. HP: 39/54 MP: 6/6
  2222 | D:4      | Reached skill level 6 in Armour
  2438 | D:5      | Entered Level 5 of the Dungeon
  2649 | D:5      | Reached XP level 7. HP: 38/62 MP: 7/7
  2729 | D:5      | Reached skill level 7 in Armour
  3189 | D:5      | Reached skill level 8 in Armour
  3258 | D:6      | Found a broken altar of Ashenzari.
  3296 | D:6      | Reached skill level 5 in Fighting
  3300 | D:6      | Noticed Eustachio
  3363 | D:6      | Reached XP level 8. HP: 63/74 MP: 8/8
  3461 | D:6      | Found a transporter.
  3461 | D:6      | Noticed Flarelocke's ghost (novice MiFi)
  3587 | D:6      | Found a staircase to the Ecumenical Temple.
  3600 | Temple   | Entered the Ecumenical Temple
  4437 | D:6      | Killed Eustachio
  4438 | D:6      | Reached skill level 5 in Shields
  4438 | D:6      | Reached skill level 1 in Crossbows
  4755 | D:7      | Reached skill level 5 in Axes
  4938 | D:7      | Noticed Prince Ribbit
  4970 | D:7      | Killed Prince Ribbit
  5169 | D:7      | Gained mutation: You passively map the area around you.
                  | [Deep Dwarf growth]
  5169 | D:7      | Reached XP level 9. HP: 24/85 MP: 9/9
  5358 | D:8      | Noticed a manticore
  5883 | D:8      | Killed a manticore
  5884 | D:8      | Reached skill level 9 in Armour
  5897 | D:8      | Noticed Maggie
  5913 | D:8      | Killed Maggie
  6022 | D:8      | Reached skill level 10 in Armour
  6049 | D:8      | Noticed a komodo dragon
  6338 | D:9      | Found a staircase to the Orcish Mines.
  6424 | D:9      | Noticed Pikel
  6440 | D:9      | Killed Pikel
  6441 | D:9      | Reached XP level 10. HP: 42/96 MP: 8/8
  6451 | D:9      | Noticed Gastronok
  6575 | D:9      | Found Ralefe's Weapon Shop.
  6636 | D:9      | Found Ucotzizu's Antique Armour Shop.
  6743 | D:9      | Noticed Maurice
  6808 | D:9      | Killed Maurice
  6829 | D:9      | Bought a glowing chain mail for 187 gold pieces
  6969 | D:9      | Mangled by Gastronok

Illustrated notes

Levels and vault maps discovered:
D:1:      mrwooster_arrival_statue_2, layout_basic,
          dilly_ecumenical_altar_fadedgnrine, minmay_lizard_king
D:2:      minmay_chambers_of_twos, layout_basic, uniq_terence
D:3:      layout_rooms, uniq_ijyb
D:4:      minmay_octagon_keep, layout_rooms
D:5:      layout_loops_ring
D:6:      layout_loops_ring, ashenzari_conservatory_becter,
          minmay_temple_entry_statues_pillars, gammafunk_ghost_smash,
          kennysheep_dice, uniq_eustachio
D:7:      layout_loops_ring, uniq_prince_ribbit1
D:8:      layout_rooms, david_lair_shrubbed, minivault_24,
          hangedman_decor_points, uniq_maggie
D:9:      layout_basic, serial_shops, shop, nicolae_shop_hallway_plus,
          uniq_gastronok, uniq_maurice, uniq_pikel
Temple:   mainiacjoe_temple_starburst

Skill      XL: |  1  2  3  4  5  6  7  8  9 |
---------------+----------------------------+-----
Fighting       | 3 4 5 6 8 |  8.0
Axes           | 3 4 5 7 |  7.9
Armour         | 4 5 6 8 10 | 10.0
Shields        | 4 7 |  7.0
Crossbows      | 2 |  2.0

Action                   |  1- 3 |  4- 6 |  7- 9 | 10-12 || total
-------------------------+-------+-------+-------+-------++-------
Melee: War axe           |    95 |   180 |   371 |    42 ||   688
       Unarmed           |       |    10 |       |       ||    10
Throw: Boomerang         |       |    11 |     3 |       ||    14
Invok: Sacrifice Love    |     1 |       |       |       ||     1
       Draw Out Power    |       |     4 |    19 |     2 ||    25
       Sacrifice Arcana  |       |     1 |       |       ||     1
       Reject Sacrifices |       |       |     1 |       ||     1
 Abil: Heal Wounds       |       |     1 |     7 |     1 ||     9
Evoke: Wand              |       |       |    17 |     1 ||    18
  Use: Potion            |     1 |       |       |     1 ||     2
       Scroll            |     1 |     4 |     7 |       ||    12
Armor: Scale mail        |    36 |    79 |       |       ||   115
       Skin              |       |     2 |       |       ||     2
       Chain mail        |       |     5 |   190 |     1 ||   196
       Plate armour      |       |       |    82 |    24 ||   106
Dodge: Dodged            |    55 |    85 |   135 |     5 ||   280
Block: Buckler           |    28 |    36 |    99 |    11 ||   174
